 Dungeon Crawl Stone Soup version 0.28.0-53-g5a82cb258f (webtiles) character file.

Game seed: 4703219851138102407

155 safid the Digger (level 5, -3/31 HPs)
             Began as a Gargoyle Earth Elementalist on Aug 28, 2022.
             Killed from afar by an orc wizard (4 damage)
             ... with a magic dart
             ... on level 3 of the Dungeon.
             The game lasted 00:06:25 (3732 turns).

safid the Digger (Gargoyle Earth Elementalist)      Turns: 3732, Time: 00:06:26

Health: -3/31      AC:  6    Str: 11    XL:     5   Next: 37%
Magic:  9/9        EV: 12    Int: 18    God:
Gold:   154        SH:  0    Dex: 10    Spells: 6/10 levels left

rFire   . . .      SeeInvis .   e - +0 short sword
rCold   . . .      Faith    .   (no shield)
rNeg    + . .      Spirit   .   b - +0 robe
rPois   ∞          Reflect  .   (no helmet)
rElec   +          Harm     .   (no cloak)
rCorr   .          Rampage  .   (no gloves)
Will    .....                   (no boots)
Stlth   ++........              (no amulet)
HPRegen 0.10/turn               (no ring)
MPRegen 0.11/turn               (no ring)

@: no status effects
A: sickness immunity, AC +4, negative energy resistance 1, electricity
resistance, torment resistance 1, petrification resistance
a: no special abilities


You were on level 3 of the Dungeon.
You visited 1 branch of the dungeon, and saw 3 of its levels.

You collected 154 gold pieces.

Inventory:

Hand Weapons
 e - a +0 short sword (weapon)
Missiles
 c - 158 stones
Armour
 b - a +0 robe (worn)
 k - the +2 helmet "Urirphite" {-Tele Rampage rElec rPois}
   (You found it on level 3 of the Dungeon)

   rElec:     It insulates you from electricity.
   rPois:     It protects you from poison.
   -Tele:     It prevents most forms of teleportation.
   Rampage:   It bestows one free step when moving towards enemies.
Wands
 l - a wand of mindburst (14)
Scrolls
 f - 2 scrolls of brand weapon {unknown}
 g - a scroll of vulnerability {unknown}
 h - a scroll of teleportation {unknown}
 i - 2 scrolls of identify {unknown}
 j - a scroll of holy word {unknown}
Potions
 a - a potion of curing {unknown}
 d - 4 potions of ambrosia {unknown}


   Skills:
 + Level 2.7 Fighting
 - Level 2.0 Dodging
 - Level 2.1 Stealth
 + Level 3.1 Spellcasting
 - Level 1.0 Transmutations
 + Level 4.9 Earth Magic


You had 6 spell levels left.
You knew the following spells:

 Your Spells              Type           Power      Damage    Failure   Level
a - Sandblast             Erth           40%        2d10      2%          1
b - Stone Arrow           Conj/Erth      22%        3d8       17%         3

Your spell library contained the following spells:

 Spells                   Type           Power      Damage    Failure   Level
 Passwall                 Tmut/Erth      10%        N/A       7%          2
 Wereblood                Tmut           6%         N/A       16%         2
 Petrify                  Tmut/Erth      13%        N/A       43%         4
 Summon Hydra             Summ           1%         N/A       100%        7
 Sublimation of Blood     Necr           Unusable   N/A       N/A         2

Dungeon Overview and Level Annotations

Branches:
Dungeon (3/15)

Altars:
Yredelemnul

Annotations:
D:1 Terence
D:3 3 runed translucent doors, Iusername's ghost, amateur HuFi


Innate Abilities, Weirdness & Mutations

You are immune to sickness and miasma.
Your stone body is resilient. (AC +4)
You are immune to poison.
You resist negative energy. (rN+)
You are resistant to electric shocks. (rElec)
You are resistant to unholy torment.
You are immune to petrification.


Message History

You closely miss the orc wizard.
The orc wizard is heavily wounded.
The orc wizard hits you with a +0 dagger.
* * * LOW HITPOINT WARNING * * *
You hit the orc wizard.
The orc wizard is almost dead.
The orc wizard casts a spell at you.
You are confused.
You bump into the rock wall.
The orc wizard casts a spell.
The orc wizard flickers and vanishes!
Deactivating autopickup; reactivate with Ctrl-A.
You barely miss something. Something hits you but does no damage.
You bump into the rock wall.
Something hits you but does no damage.
Unknown command.
You're too confused to cast spells.
Unknown command.
You bump into the rock wall.
You hear some strange, mumbled words.
A magic dart appears from out of thin air!
The magic dart hits you.
* * * LOW HITPOINT WARNING * * *
You completely miss something.
You feel less confused.
You hear some strange, mumbled words.
A magic dart appears from out of thin air!
The magic dart hits you.
* * * LOW HITPOINT WARNING * * *
Unknown command.
Casting: Sandblast (safe; 2% risk of failure)
Confirm with . or Enter, or press ? or * to list all spells.
You can't see any susceptible monsters within range! (Use Z to cast anyway.)
Casting: Sandblast (safe; 2% risk of failure)
Confirm with . or Enter, or press ? or * to list all spells.
You can't see any susceptible monsters within range! (Use Z to cast anyway.)
You miss something. Something hits you but does no damage.
You hear some strange, mumbled words.
A magic dart appears from out of thin air!
The magic dart hits you.
You die...

.........##########.#.#####.##
................... #.#
########'##........ #####.####. #
####.##........ #.......... #
###....##........ #.###..###.
##.#.##########.## ####†###.
#....+.$# #.# .#.#........
##._..+.$# #.# .#.#.###.##.
##....+.$# #@# .......#..#.
###.#.#### #{# ##.#≈≈♣#..#.#. #
###....# #.# #≈≈#.≈≈#...... #
####.#######'###.≈#≈o.#≈..#..
###### #'##......†.)≈.≈≈≈.≈≈.≈...
.....# #.##.......)...≈♣.≈≈♣≈...>
.....###.##.........♣.≈).≈..≈.###
.........##..........≈≈≈...≈≈.#
.......####.......(.≈≈.≈≈≈≈.#≈#


There were no monsters in sight!

Vanquished Creatures
  Ijyb (D:3)
  An orc wizard (D:3)
  A hound zombie (D:3)
  3 adders
  2 dart slugs (D:1)
  5 orcs
  5 ball pythons
  5 endoplasms
  2 giant cockroaches (D:1)
  2 goblins (D:2)
  3 hobgoblins
  2 jackals
  2 quokkas
  4 bats
  4 frilled lizards
  A jackal zombie (D:3)
  6 kobolds (D:1)
  8 rats
57 creatures vanquished.

Notes
Turn   | Place    | Note
-------+----------+-------------------------------------------
     0 | D:1      | safid the Gargoyle Earth Elementalist began the quest for
                  | the Orb.
     0 | D:1      | Reached XP level 1. HP: 10/10 MP: 3/3
   213 | D:1      | Found a faded altar of an unknown god.
   275 | D:1      | Reached skill level 1 in Transmutations
   275 | D:1      | Reached XP level 2. HP: 12/16 MP: 5/5
   807 | D:1      | Reached skill level 1 in Fighting
  1083 | D:1      | Reached skill level 4 in Earth Magic
  1083 | D:1      | Reached XP level 3. HP: 20/20 MP: 4/6
  1801 | D:2      | Noticed Terence
  1886 | D:2      | HP: 1/21 [Terence/+2 falchion of distortion (7)]
  2804 | D:2      | Learned a level 3 spell: Stone Arrow
  2823 | D:2      | Reached XP level 4. HP: 20/26 MP: 5/7
  3233 | D:3      | Found a runed translucent gate.
  3233 | D:3      | Found a runed translucent gate.
  3233 | D:3      | Found a runed translucent gate.
  3233 | D:3      | Noticed Iusername's ghost (amateur HuFi)
  3236 | D:3      | Found a basalt altar of Yredelemnul.
  3461 | D:3      | Identified the +2 helmet "Urirphite" {-Tele Rampage rElec
                  | rPois}
  3579 | D:3      | Reached XP level 5. HP: 28/31 MP: 9/9
  3608 | D:3      | Noticed Ijyb
  3622 | D:3      | Killed Ijyb
  3731 | D:3      | HP: 1/31 [something/magic dart (4)]
  3732 | D:3      | Killed from afar by an orc wizard

Illustrated notes

Levels and vault maps discovered:
D:1:      nzn_arrival_crosshair, layout_loops_ring, basic_ecumenical_altar
D:2:      layout_basic, minmay_tromino_mix6, uniq_terence
D:3:      layout_basic, nicolae_yredelemnul_ghost_church,
          chequers_serial_rivers_marsh, uniq_crazy_yiuf_cottage, uniq_ijyb,
          uniq_pargi

Skill      XL: |  1  2  3  4  5 |
---------------+----------------+-----
Transmutations | 1 |  1.0
Fighting       | 1 2 |  2.7
Earth Magic    | 4 |  4.9
Dodging        | 2 |  2.0
Spellcasting   | 3 |  3.1
Stealth        | |  2.1

Action                   |  1- 3 |  4- 6 || total
-------------------------+-------+-------++-------
Melee: Unarmed           |    18 |       ||    18
       Dagger            |    15 |       ||    15
       Punch             |     1 |     2 ||     3
       Short sword       |    53 |    58 ||   111
 Cast: Sandblast         |    29 |    22 ||    51
 Stab: Sleeping          |     5 |     1 ||     6
Armor: Robe              |    25 |    41 ||    66
Dodge: Dodged            |    62 |    55 ||   117
